cohdb
Replays
Latest Replays
All Replays
Popular Replays
Top Player Replays
Match Explorer
How It Works
Community
CoH3 Stats
Reddit
Sign in to upload your games and track your stats! →
Sign in with Steam
Match 44469477
Unlisted
Match 44469477
Overview
Messages
Build Orders
End
Construct Barracks
Riflemen Squad
Riflemen Squad
M1 Mortar Team
Riflemen Squad
Air Support Center
Engineer Squad
Grenade Package
Construct Motor Pool
M8 Greyhound Armored Car
P-47 Strafing Run
Engineer Squad
Grasshopper Recon Run
Selects Armored Battlegroup
Selects Fast Deploy
Selects Seek and Destroy
Selects UNKNOWN (2160077)
Selects Assault Engineers
Grasshopper Recon Run
Construct Tank Depot
Grasshopper Recon Run
P-47 Strafing Run
Selects Field Repairs
Selects War Machine
M4A3E8 Sherman Easy Eight
Grasshopper Recon Run
M4A3E8 Sherman Easy Eight
Grasshopper Recon Run
P-47 Strafing Run
M1918 Browning Automatic Rifles
Grasshopper Recon Run
Riflemen Squad
M1 Anti-tank Gun Team
Assault Engineer Squad
M4A3E8 Sherman Easy Eight
Arturokq
Josephus
Dominik
Julian
0
0
Comments
sign in to comment!
No comments posted yet!